 Dungeon Crawl Stone Soup version 0.16.1-7-g2c6721e (webtiles) character file.

455328 Siriah the Brawler (level 23, -6/230 HPs)
             Began as a Troll Gladiator on Mar 26, 2015.
             Was the Champion of Qazlal.
             Killed from afar by a titan (44 damage)
             ... with a bolt of lightning
             ... on level 5 of the Vaults on Mar 29, 2015.
             The game lasted 06:26:45 (52199 turns).

Siriah the Brawler (Troll Gladiator)               Turns: 52199, Time: 06:26:45

Health: -6/230     AC: 21    Str: 32    XL:     23   Next: 26%
Magic:  0/25       EV: 23    Int:  6    God:    Qazlal [******]
Gold:   3576       SH: 37    Dex: 20    Spells: 1 memorised, 24 levels left

rFire  . . .     SeeInvis .       - Unarmed
rCold  + + .     Clarity  .     E - +5 ice dragon armour
rNeg   + . .     SustAb   .     w - +4 large shield
rPois  +         Gourm    +     c - +0 hat
rElec  .         Spirit   +     g - +0 cloak
rCorr  .         Warding  .     (gloves unavailable)
rMut   .         Stasis   .     (boots unavailable)
MR     +....                    I - amulet of guardian spirit
Stlth  ..........               P - ring "Qarakl Oghua" {rF+ AC+2}
                                i - ring "Play" {Contam rPois rN+ Str+3 Dex+3}

@: very slightly contaminated, repel missiles, invisible, somewhat resistant to
hostile enchantments, extremely unstealthy
A: unfitting armour, claws 3, blurry vision 1, clever 1, fast metabolism 3,
gourmand, regeneration 2, shaggy fur 1, tough skin 2, forlorn
a: Upheaval, Elemental Force, Disaster Area, Renounce Religion
}: 2/15 runes: decaying, gossamer


You were on level 5 of the Vaults.
You worshipped Qazlal.
Qazlal was exalted by your worship.
You were very full.

You visited 9 branches of the dungeon, and saw 49 of its levels.
You visited the Abyss 4 times.
You also visited: Sewer.

You collected 6555 gold pieces.
You spent 2979 gold pieces at shops.

Inventory:

Armour
 c - a +0 hat (worn)
 g - a +0 cloak (worn)
 q - a +1 cloak of poison resistance
 w - a +4 large shield (worn)
 E - a +5 ice dragon armour (worn)
Rods
 b - a +9 rod of destruction (17/17)
   (You took it off a deep elf death mage on level 3 of the Elven Halls)
Jewellery
 i - the ring "Play" (left claw) {Contam rPois rN+ Str+3 Dex+3}
   (You took it off a deep elf conjurer on level 3 of the Elven Halls)

   [ring of positive energy]

   It affects your strength (+3).
   It affects your dexterity (+3).
   It protects you from poison.
   It protects you from negative energy.
   It causes magical contamination when unequipped.
 t - an uncursed ring of see invisible
 v - an uncursed ring of teleportation
 G - an uncursed ring of protection from magic
 I - an amulet of guardian spirit (around neck)
 K - an uncursed ring of teleport control
 P - the ring "Qarakl Oghua" (right claw) {rF+ AC+2}
   (You found it on level 3 of the Swamp)

   [ring of protection]

   It affects your AC (+2).
   It protects you from fire.
Magical devices
 j - a wand of teleportation (4)
 k - a wand of heal wounds (6)
 o - a wand of cold (7)
 y - a wand of polymorph (4)
 A - a wand of hasting (4)
 J - a wand of draining (7)
 S - a wand of digging (6)
 T - a wand of disintegration (10)
Scrolls
 e - 5 scrolls of recharging
 h - 11 scrolls of remove curse
 m - 9 scrolls of magic mapping
 p - 2 scrolls of amnesia
 x - 2 scrolls of holy word
 C - 6 scrolls of teleportation
 N - 3 scrolls of blinking
 O - 8 scrolls of fog
 U - 11 scrolls of identify
Potions
 d - a potion of haste
 l - 8 potions of restore abilities
 n - 8 potions of curing
 s - a potion of berserk rage
 z - 5 potions of magic
 B - 2 potions of cancellation
 D - 2 potions of flight
 F - 3 potions of cure mutation
 R - 3 potions of agility
 V - a potion of brilliance
Miscellaneous
 H - a stone of tremors (inert)
 Q - a lamp of fire (inert)
Comestibles
 a - 21 meat rations
 f - 23 bread rations
 u - 3 royal jellies
 M - 4 beef jerkies
 W - 2 slices of pizza
 Y - 19 fruits


   Skills:
 + Level 13.9 Fighting
 - Level 1.7 Throwing
 + Level 3.1 Armour
 + Level 19.1 Dodging
 + Level 19.1 Shields
 + Level 19.2 Unarmed Combat
 * Level 2.4 Spellcasting
 * Level 2.7 Translocations
 + Level 6.1 Invocations
 + Level 3.3 Evocations


You had 24 spell levels left.
You knew the following spells:

 Your Spells              Type           Power        Failure   Level  Hunger
a - Blink                 Tloc           N/A          52%         2    ###....


Dungeon Overview and Level Annotations

Branches:
Dungeon (15/15)            Temple (1/1) D:4            Lair (8/8) D:9
  Swamp (5/5) Lair:5       Spider (5/5) Lair:5        Slime (0/6) Lair:7
    Orc (4/4) D:9             Elf (3/3) Orc:4        Vaults (5/5) D:14
  Crypt (0/3) Vaults:3     Depths (3/5) D:15

Altars:
Cheibriados
Dithmenos
Elyvilon
Gozag
Kikubaaqudgha
Nemelex Xobeh
Qazlal
Sif Muna
Trog
Vehumet
Xom
Yredelemnul
The Shining One

Shops:
D:4 *   D:10 (   D:12 *   Orc:2 %%[%*   Orc:4 *:[   Elf:1 [   Elf:2 ??=%
Vaults:3 *   Depths:1 *

Portals:
Hell: Depths:1 Depths:2
Abyss: Depths:1
Pandemonium: Orc:4 Depths:2 Depths:3

Annotations:
D:14 exclusion: orange crystal statue
Lair:7 exclusion: 5 oklob plants
Swamp:5 Lernaean hydra


Innate Abilities, Weirdness & Mutations

You are too large for most types of armour.
You have claws for hands.
Your metabolism is lightning-fast.
You like to eat raw meat.
You heal very quickly.
You are covered in fur (AC +1).
You have very tough skin (AC +2).
Scrolls take you a little longer to read.
Your mind is acute. (Int +2)
You have difficulty communicating with the divine.


Message History

The sentinel's mark upon you fades away.
You block the ironheart preserver's attack.
Read which item? (? for menu, Esc to quit)
You begin reading the scroll.
You continue reading the scroll.
The ironheart preserver casts a spell.
The ironheart preserver begins to accept its allies' injuries.
Charge which item? (? for menu, Esc to quit)
As you read the scroll of recharging, it crumbles to dust.
Your wand of heal wounds (0) glows for a moment and now has 6 charges.
You hear a shout!
The titan is engulfed in freezing vapours.
The titan casts a spell at you. The bolt of lightning hits you!
* * * LOW HITPOINT WARNING * * *
Found an arbalest.
You hear a roar!
You hear a shout!
The titan is engulfed in freezing vapours.
The titan gestures at you while chanting.
The bolt of lightning hits you!
You die...

## #..|#).D.$$$##
#.##..##§p....D.p
#..Cp.##..##.....
#...e...e.#### #
###e.p.§......#
###.p##§......# .
#..§.##pe##...#
#)...#§§.p.C..##..##
........@..§§.....#
.......###########
...... ..... #####


You could see an ironheart preserver, a titan, a fire giant, a vault warden, 2
vault guards, a vault sentinel, a deep elf high priest, a deep elf conjurer and
a deep elf priest.

Vanquished Creatures
  A caustic shrike (Depths:3)
  2 golden dragons (Depths:2)
  Frederick (Vaults:4)
  2 bone dragons (Abyss:1)
  Nikola (Swamp:4)
  2 liches
  A titan (Depths:3)
  Asterion (Swamp:4)
  3 deep elf blademasters
  2 deep elf master archers (Elf:3)
  7 tentacled starspawn (Abyss:1)
  3 sphinxes
  2 Executioners (Abyss:1)
  Rupert (Spider:2)
  Agnes (Vaults:4)
  3 tengu reavers
  2 storm dragons
  3 thorn hunters (Swamp:5)
  6 fire giants
  2 balrugs
  5 frost giants
  5 ghost moths
  2 orc warlords (Orc:4)
  9 vault wardens
  A draconian knight (Vaults:4)
  8 emperor scorpions
  Gastronok (D:11)
  17 deep elf sorcerers
  9 stone giants
  2 spriggan defenders (Depths:2)
  3 very ugly things
  11 ironheart preservers
  7 deep elf demonologists
  17 deep elf annihilators
  5 dire elephants
  2 vampire knights
  An eidolon (Abyss:1)
  A blizzard demon (Abyss:1)
  5 deep elf death magi
  2 fire dragons
  3 minotaurs
  5 ettins
  3 great orbs of eyes
  6 deep elf high priests
  7 yaktaur captains
  23 vault guards
  8 rakshasas
  9 ogre magi
  Harold (D:14)
  2 ice dragons (Depths:2)
  A spriggan air mage (Depths:2)
  19 hydras
  3 ghost crabs
  4 alligators
  3 catoblepae
  Erica (Lair:6)
  An alligator snapping turtle (shapeshifter) (D:15)
  15 dancing weapons (Elf:2)
  25 death yaks
  5 deep troll earth magi
  17 centaur warriors
  2 deep troll shamans
  6 orc high priests (Orc:4)
  A tengu warrior (D:15)
  22 large abominations
  4 hell hogs
  2 spriggan berserkers
  A sun demon (Elf:3)
  3 wretched stars (Abyss:1)
  2 fire crabs
  A shadow wraith (Vaults:4)
  4 hell knights (Depths:2)
  23 deep elf knights
  An ice devil (Abyss:1)
  2 flayed ghosts
  An unseen horror (shapeshifter) (Vaults:1)
  5 unseen horrors
  3 skeletal warriors (Vaults:1)
  8 hill giants
  An infernal demonspawn (Orc:4)
  12 swamp dragons
  7 deep elf summoners
  2 iron trolls (Depths:3)
  2 spriggan druids (Swamp:5)
  15 deep trolls
  Erolcha (D:8)
  A gelid demonspawn (Orc:4)
  5 necromancers
  8 harpies (Vaults:3)
  8 ironbrand convokers
  A shambling mangrove (Swamp:4)
  A lindwurm (shapeshifter) (Vaults:2)
  A torturous demonspawn (Orc:4)
  19 orc knights
  23 deep elf conjurers
  5 wizards
  A manticore (D:13)
  50 ugly things
  11 orc sorcerers
  A shining eye (Abyss:2)
  7 griffons
  A salamander (D:15)
  An oklob plant (Lair:7)
  25 wolf spiders
  6 cyclopes
  3 phantasmal warriors
  19 orb spiders
  A draconian (shapeshifter) (Depths:1)
  A fire giant zombie (Vaults:3)
  10 hornets
  A worldbinder (Abyss:1)
  A guardian serpent (shapeshifter) (Vaults:1)
  A fire giant skeleton (Vaults:3)
  11 elephants
  4 black mambas
  Joseph (D:8)
  3 centaur skeletons
  3 sixfirhies (Elf:3)
  A black mamba (shapeshifter) (Vaults:4)
  A torpor snail (Depths:2)
  4 rust devils
  13 vault sentinels
  Psyche (D:9)
  26 spiny frogs
  5 smoke demons
  A hellion (Elf:3)
  An elf skeleton (Depths:2)
  3 gargoyles
  3 orange demons
  2 tengu conjurers
  A yaktaur zombie (Vaults:3)
  4 freezing wraiths
  6 kobold demonologists
  4 efreet
  11 komodo dragons
  A komodo dragon (shapeshifter) (Vaults:4)
  8 trolls
  26 jumping spiders
  32 yaktaurs
  2 hellwings
  19 deep elf priests
  A red devil (Orc:4)
  2 ancient zymes (Abyss:1)
  2 fire drakes
  6 blue devils
  11 demonic crawlers
  5 giant leeches
  2 polar bears (Lair:7)
  14 raiju
  3 baby alligators (Swamp:2)
  14 bog bodies
  A frost giant simulacrum (Vaults:3)
  4 boulder beetles
  28 ravens
  13 blink frogs
  21 two-headed ogres
  46 slime creatures
  3 shadows
  4 air elementals
  19 tarantellas
  34 yaks
  2 basilisks
  A yak (shapeshifter) (D:14)
  A human simulacrum (Vaults:3)
  A ynoxinul (Abyss:2)
  10 spriggans
  3 water elementals (D:14)
  35 deep elf fighters
  58 redbacks
  41 deep elf magi
  A wyvern (D:11)
  The ghost of puimuR the Ruffian, an average TrAM (D:5)
  2 fire bats (Abyss:1)
  2 vampires
  18 vampire mosquitoes
  A fire bat (shapeshifter) (Vaults:4)
  17 trapdoor spiders
  2 fire elementals
  8 hippogriffs
  7 wraiths
  10 chaos spawn
  A yaktaur simulacrum (Vaults:3)
  2 hungry ghosts
  3 neqoxecs
  8 wolves
  2 soldier ants
  9 wargs
  41 swamp worms
  20 water moccasins
  2 mottled dragons
  7 hell hounds (Depths:3)
  8 ice beasts
  10 porcupines
  49 orc warriors
  A porcupine (shapeshifter) (Abyss:1)
  2 human zombies (Vaults:3)
  5 sky beasts
  12 swamp drakes
  13 wasps
  34 spiders
  A black bear (D:8)
  A spectral blink frog (Swamp:5)
  2 necrophages
  4 boggarts (D:15)
  2 phantoms
  34 ogres
  31 centaurs
  An eye of draining (Abyss:2)
  13 crocodiles
  2 boring beetles
  7 small abominations
  2 brain worms (Spider:3)
  4 big kobolds
  A wyvern skeleton (D:15)
  A wyvern zombie (D:13)
  20 giant frogs
  A human skeleton (Vaults:3)
  7 scorpions
  3 wights (D:11)
  13 killer bees
  5 electric eels
  6 crimson imps
  A giant frog zombie (D:8)
  6 goliath beetles
  5 centaur zombies
  4 giant frog skeletons
  10 hounds
  7 jellies
  35 orc priests
  3 quasits
  11 worker ants
  7 iguanas
  Natasha (thrice) (D:3)
  32 orc wizards
  5 hell rats
  6 sheep
  A hound zombie (D:8)
  A mummy (D:11)
  A hound skeleton (D:9)
  A worker ant zombie (D:7)
  31 adders
  6 gnolls
  66 river rats
  2 shadow imps
  2 giant mites
  3 white imps (Abyss:1)
  7 worms
  A worm (shapeshifter) (Vaults:3)
  6 ufetubi
  An adder skeleton (D:9)
  An adder zombie (D:10)
  5 giant geckos
  259 orcs
  8 ball pythons
  20 goblins
  18 hobgoblins
  8 jackals
  19 kobolds
  21 bats
  5 giant cockroaches
  10 giant newts
  3 giant spores
  A goblin zombie (Orc:4)
  A jackal skeleton (D:8)
  A lurking horror (Abyss:1)
  15 orc zombies (Orc:4)
  11 quokkas
  34 rats
  4 ballistomycetes
  8 briar patches (Swamp:5)
  A bush (Lair:5)
  A butterfly (D:5)
  5 crawling corpses
  72 fungi
  38 plants
  10 starspawn tentacles (Abyss:1)
2547 creatures vanquished.

Vanquished Creatures (collateral kills)
  A vampire mosquito (Vaults:3)
1 creature vanquished.

Vanquished Creatures (others)
  An ancient lich (Abyss:1)
  A shadow dragon (Vaults:3)
  2 fire giants (Depths:2)
  A vault warden (Vaults:4)
  An ironheart preserver (Vaults:3)
  2 deep elf knights
  A deep elf conjurer (Elf:3)
  A jumping spider (Spider:2)
  A polar bear (shapeshifter) (Depths:2)
  A spriggan (Swamp:5)
  3 water elementals
  4 fire elementals
  A swamp worm (Swamp:5)
  A human skeleton (Depths:2)
  2 swamp drakes
  An ice beast (shapeshifter) (Vaults:3)
  A small abomination (Abyss:1)
  A giant frog (D:14)
  A lost soul (Elf:3)
  2 sheep (Lair:7)
  A lurking horror (Abyss:1)
  3 briar patches (Swamp:5)
  5 fungi
  A plant (Lair:6)
  16 starspawn tentacles (Abyss:1)
  113 starspawn tentacle segments (Abyss:1)
168 creatures vanquished.

Grand Total: 2716 creatures vanquished

Notes
Turn   | Place    | Note
--------------------------------------------------------------
     0 | D:1      | Siriah, the Troll Gladiator, began the quest for the Orb.
     0 | D:1      | Reached XP level 1. HP: 19/19 MP: 1/1
   397 | D:1      | Reached XP level 2. HP: 26/28 MP: 1/1
   614 | D:2      | Reached XP level 3. HP: 35/35 MP: 2/2
   731 | D:2      | Reached XP level 4. HP: 38/42 MP: 2/2
   813 | D:2      | Reached skill level 4 in Unarmed Combat
  1023 | D:2      | Found a white marble altar of Elyvilon.
  1557 | D:3      | Noticed Natasha
  1574 | D:3      | Killed Natasha
  1574 | D:3      | Reached XP level 5. HP: 50/50 MP: 2/2
  1865 | D:3      | Noticed a centaur
  1892 | D:3      | Noticed Natasha
  1900 | D:3      | Killed Natasha
  2091 | D:3      | Noticed Natasha
  2099 | D:3      | Killed Natasha
  2467 | D:4      | Reached XP level 6. HP: 59/59 MP: 3/3
  2675 | D:4      | Found Qofuc's Serpentskin Sales.
  2675 | D:4      | Noticed a water moccasin
  2675 | D:4      | Noticed a water moccasin
  2681 | D:4      | Killed a water moccasin
  2681 | D:4      | Reached skill level 5 in Unarmed Combat
  2688 | D:4      | Killed a water moccasin
  2688 | D:4      | Reached XP level 7. HP: 28/67 MP: 3/3
  2693 | D:4      | Bought 8 curare-tipped needles for 48 gold pieces
  2693 | D:4      | Bought 16 poisoned needles for 64 gold pieces
  2693 | D:4      | Bought a +0 blowgun for 25 gold pieces
  2913 | D:4      | Found a staircase to the Ecumenical Temple.
  2923 | Temple   | Entered the Ecumenical Temple
  2932 | Temple   | Became a worshipper of Qazlal Stormbringer
  3096 | D:4      | Found a deep blue altar of Sif Muna.
  3187 | D:5      | Entered Level 5 of the Dungeon
  3250 | D:5      | Reached skill level 5 in Dodging
  3297 | D:6      | Found a glowing drain.
  3323 | Sewer    | Entered a sewer
  3457 | Sewer    | Acquired Qazlal's first power
  3929 | D:6      | Found a bloodstained altar of Trog.
  3982 | D:6      | Reached skill level 6 in Unarmed Combat
  3982 | D:6      | Reached XP level 8. HP: 66/78 MP: 3/3
  4107 | D:6      | Found a shimmering altar of Xom.
  4164 | D:6      | You fall through a shaft for 2 floors!
  4164 | D:8      | Found a glowing golden altar of the Shining One.
  4204 | D:8      | Noticed Erolcha
  4234 | D:6      | Acquired Qazlal's second power
  4742 | D:5      | Reached skill level 5 in Fighting
  4816 | D:5      | Noticed puimuR's ghost (average TrAM)
  4837 | D:5      | Killed puimuR's ghost
  4837 | D:5      | Reached skill level 7 in Unarmed Combat
  5220 | D:7      | Reached XP level 9. HP: 88/88 MP: 4/4
  5809 | D:7      | Found a snail-covered altar of Cheibriados.
  5818 | D:7      | Found a shimmering altar of Xom.
  5994 | D:7      | Reached skill level 8 in Unarmed Combat
  6007 | D:8      | Noticed Joseph
  6022 | D:8      | HP: 4/89 [Joseph/uncursed quarterstaff (14)]
  6024 | D:8      | Killed Joseph
  6183 | D:8      | Acquired Qazlal's third power
  6552 | D:8      | Killed Erolcha
  6552 | D:8      | Reached XP level 10. HP: 96/100 MP: 4/4
  6667 | D:9      | Noticed a sun demon
  6673 | D:9      | Noticed a rust devil
  6682 | D:8      | Reached skill level 9 in Unarmed Combat
  6793 | D:9      | Reached skill level 1 in Invocations
  6990 | D:9      | Noticed Psyche
  7006 | D:9      | Killed Psyche
  7087 | D:9      | Found a sparkling altar of Nemelex Xobeh.
  7096 | D:9      | Found a staircase to the Lair.
  7123 | D:9      | Got a warped robe
  7139 | D:9      | Identified the +2 robe of Hadjma {rC+ Regen+ Dex+3} (You found it on level 9 of the Dungeon)
  7306 | D:10     | Entered Level 10 of the Dungeon
  7394 | D:9      | Found a staircase to the Orcish Mines.
  7509 | D:9      | Found a radiant altar of Vehumet.
  7654 | D:9      | Found a shadowy altar of Dithmenos.
  7948 | D:10     | Noticed a hill giant
  8033 | D:10     | Found Upal's Weapon Emporium.
  8034 | D:10     | Killed a hill giant
  8034 | D:10     | Reached skill level 10 in Unarmed Combat
  8034 | D:10     | Reached XP level 11. HP: 94/109 MP: 7/7
  8239 | D:10     | Killed an unseen horror
  8336 | D:10     | Acquired Qazlal's fourth power
  8628 | D:11     | Noticed Gastronok
  8648 | D:11     | Reached skill level 10 in Dodging
  8665 | D:11     | Killed Gastronok
  8927 | D:11     | Found a bloodstained altar of Trog.
  9199 | D:12     | Reached skill level 1 in Shields
  9316 | D:12     | Noticed a hill giant
  9347 | D:12     | Killed a hill giant
  9347 | D:12     | Reached skill level 11 in Unarmed Combat
  9385 | D:12     | Found Bremuett's Assorted Antiques.
  9393 | D:12     | Bought a brown potion for 18 gold pieces
 10058 | D:12     | Reached XP level 12. HP: 119/119 MP: 9/9
 10519 | Lair:1   | Entered Level 1 of the Lair of Beasts
 10567 | Lair:1   | Noticed a six-headed hydra
 10631 | Lair:1   | Killed a six-headed hydra
 11449 | Lair:2   | Noticed a five-headed hydra
 11466 | Lair:2   | Killed a nine-headed hydra
 12329 | Lair:3   | Noticed a seven-headed hydra
 12338 | Lair:3   | Killed a seven-headed hydra
 12753 | Lair:3   | Reached skill level 5 in Shields
 13141 | Lair:4   | Reached skill level 12 in Unarmed Combat
 13730 | Lair:5   | Reached XP level 13. HP: 130/130 MP: 12/12
 14100 | Lair:5   | Found a staircase to the Swamp.
 14256 | Lair:5   | Acquired Qazlal's fifth power
 14337 | Lair:5   | Found a hole to the Spider Nest.
 14349 | Spider:1 | Entered Level 1 of the Spider Nest
 15620 | Lair:6   | Noticed Erica
 15630 | Lair:6   | Killed Erica
 16085 | Spider:2 | Reached skill level 1 in Evocations
 16191 | Spider:2 | Noticed an emperor scorpion
 16225 | Spider:2 | Reached XP level 14. HP: 48/140 MP: 14/14
 16243 | Spider:2 | Killed an emperor scorpion
 16407 | Lair:5   | Reached skill level 13 in Dodging
 17264 | Spider:2 | Noticed Rupert
 17301 | Spider:2 | Killed Rupert
 17341 | Spider:2 | Gained mutation: Your mind is acute. (Int +2) [potion of beneficial mutation]
 17865 | Spider:3 | Noticed an emperor scorpion
 17887 | Spider:2 | Killed an emperor scorpion
 18892 | Spider:4 | Paralysed by a hornet for 2 turns
 18915 | Spider:4 | Noticed an emperor scorpion
 19075 | Spider:4 | Killed an emperor scorpion
 19479 | Spider:4 | Reached skill level 10 in Fighting
 19618 | Spider:5 | Entered Level 5 of the Spider Nest
 19689 | Spider:5 | Reached XP level 15. HP: 119/149 MP: 16/16
 20203 | Spider:5 | Reached skill level 14 in Dodging
 20216 | Spider:5 | Reached skill level 10 in Shields
 20391 | Swamp:1  | Entered Level 1 of the Swamp
 21657 | Spider:5 | Lost intelligence.
 21875 | Spider:5 | Killed a ghost moth
 22052 | Spider:5 | Noticed an emperor scorpion
 22053 | Spider:5 | Noticed an emperor scorpion
 22064 | Spider:5 | Killed a ghost moth
 22068 | Spider:5 | Noticed an emperor scorpion
 22193 | Spider:5 | Paralysed by a hornet for 3 turns
 22407 | Spider:5 | Killed an emperor scorpion
 22732 | Lair:7   | Upgraded the game from 0.16.1-4-g8e1b745 to 0.16.1-5-gaa23807
 23142 | Lair:7   | Found a staircase to the Slime Pits.
 23366 | Lair:8   | Entered Level 8 of the Lair of Beasts
 23819 | Lair:8   | Reached XP level 16. HP: 159/159 MP: 18/18
 24127 | Spider:5 | Reached skill level 15 in Dodging
 24203 | Spider:5 | Noticed a ghost moth
 24276 | Spider:4 | Killed an emperor scorpion
 24383 | Spider:5 | Killed an emperor scorpion
 24427 | Spider:5 | Killed a ghost moth
 24444 | Spider:5 | Got a gossamer rune of Zot
 25577 | Swamp:2  | Reached skill level 5 in Invocations
 26753 | Swamp:3  | Got a warped turquoise ring
 26755 | Swamp:3  | Identified the ring "Qarakl Oghua" {rF+ AC+2} (You found it on level 3 of the Swamp)
 27526 | Swamp:4  | Found a bloodstained altar of Trog.
 27761 | Swamp:4  | Noticed Nikola
 27776 | Swamp:4  | Killed Nikola
 27848 | Swamp:4  | Noticed Asterion
 27862 | Swamp:4  | Killed Asterion
 28184 | Swamp:5  | Entered Level 5 of the Swamp
 28463 | Swamp:5  | Reached XP level 17. HP: 92/169 MP: 19/19
 29023 | Swamp:5  | HP: 7/170 [seven-headed hydra (9)]
 29378 | Orc:1    | Entered Level 1 of the Orcish Mines
 29503 | Orc:2    | Found Psuel's Food Boutique.
 29513 | Orc:2    | Reached skill level 16 in Dodging
 29635 | Orc:2    | Found Caipirph's Armour Shop.
 29671 | Orc:2    | Found Rusaogu's Food Boutique.
 29700 | Orc:2    | Found Halyg's Assorted Antiques.
 29711 | Orc:2    | Bought a scroll labeled SKUVAQ NAOSEMY for 34 gold pieces
 29711 | Orc:2    | Bought an opal ring for 170 gold pieces
 29711 | Orc:2    | Bought a scroll of teleportation for 102 gold pieces
 29711 | Orc:2    | Bought a scroll of enchant armour for 255 gold pieces
 29711 | Orc:2    | Bought a scroll of teleportation for 102 gold pieces
 29762 | Orc:2    | Found Nobiceel's Food Shop.
 30245 | Orc:4    | Entered Level 4 of the Orcish Mines
 30582 | Orc:4    | Found Ylaozemm's Distillery.
 30608 | Orc:4    | Found Cafitoo's General Store.
 30630 | Orc:4    | Upgraded the game from 0.16.1-5-gaa23807 to 0.16.1-7-g2c6721e
 30798 | Orc:4    | Paralysed by an orc sorcerer for 7 turns
 31361 | Orc:4    | Paralysed by an orc sorcerer for 7 turns
 31402 | Orc:4    | Found Dyeta's Antique Armour Emporium.
 31402 | Orc:4    | Found a one-way gate leading to the halls of Pandemonium.
 31402 | Orc:4    | Found Gratap's Book Shoppe.
 31770 | Orc:4    | Found an ancient bone altar of Kikubaaqudgha.
 31775 | Orc:4    | Found a staircase to the Elven Halls.
 32170 | Orc:4    | Got a fine hunting sling
 32176 | Orc:4    | Identified the cursed +3 hunting sling of Anguish {freeze, rElec MR- Str+2 Int+2} (You took it off an orc on level 4 of the Orcish Mines)
 33205 | Swamp:5  | Noticed the 27-headed Lernaean hydra
 33230 | Swamp:5  | Got a decaying rune of Zot
 34093 | D:13     | Noticed a centaur warrior
 34105 | D:13     | Killed a centaur warrior
 35298 | D:14     | Reached skill level 15 in Unarmed Combat
 35379 | D:14     | Found a gate to the Vaults.
 35383 | D:14     | Reached XP level 18. HP: 179/179 MP: 21/21
 35653 | D:14     | Noticed Harold
 35662 | D:14     | Killed Harold
 36068 | D:14     | Got a wizard robe
 36084 | D:14     | Identified the +1 robe "Wiang" {rC+ Dex+3} (You found it on level 14 of the Dungeon)
 36149 | D:15     | Entered Level 15 of the Dungeon
 36517 | D:15     | Found a staircase to the Depths.
 37171 | Depths:1 | Entered Level 1 of the Depths
 37171 | Depths:1 | Found a gateway to Hell.
 37594 | Depths:1 | Reached skill level 17 in Dodging
 37667 | Depths:1 | Found Echygaj's Elemental Accessories.
 37878 | Depths:1 | Found a one-way gate to the infinite horrors of the Abyss.
 38481 | Depths:2 | Noticed a golden dragon
 38493 | Depths:2 | Killed a golden dragon
 38573 | Depths:2 | Noticed a golden dragon
 38588 | Depths:2 | Killed a golden dragon
 38588 | Depths:2 | Reached XP level 19. HP: 146/189 MP: 16/21
 39008 | Depths:2 | Reached skill level 15 in Shields
 39793 | Depths:3 | Noticed a caustic shrike
 39807 | Depths:3 | Killed a caustic shrike
 39879 | Depths:3 | Reached skill level 18 in Dodging
 40194 | Depths:2 | Reached XP level 20. HP: 54/198 MP: 7/23
 41869 | Elf:1    | Entered Level 1 of the Elven Halls
 42399 | Elf:1    | Identified the Catalogue of Creative Confrontation
 42535 | Elf:1    | Found Qucvoifa's Antique Armour Emporium.
 42563 | Elf:1    | You fall through a shaft!
 42857 | Elf:2    | Found a huge runed gate.
 42858 | Elf:2    | Found a huge runed gate.
 42860 | Elf:2    | Found a huge runed gate.
 42860 | Elf:2    | Found a huge runed gate.
 42860 | Elf:2    | Found a huge runed gate.
 43337 | Elf:2    | Found Kexan's Magic Scroll Boutique.
 43338 | Elf:2    | Found Schabbir's Jewellery Boutique.
 43370 | Elf:2    | Bought a scroll of enchant armour for 120 gold pieces
 43370 | Elf:2    | Bought a scroll of teleportation for 48 gold pieces
 43370 | Elf:2    | Bought a scroll of enchant armour for 120 gold pieces
 43370 | Elf:2    | Bought a scroll of recharging for 152 gold pieces
 43390 | Elf:2    | Bought a +5 ring of evasion for 660 gold pieces
 43477 | Elf:2    | Found Clekhloa's Food Shop.
 43732 | Elf:2    | Found Isumiem's Magic Scroll Shoppe.
 43736 | Elf:2    | Bought a scroll of identify for 22 gold pieces
 43736 | Elf:2    | Bought a scroll of recharging for 104 gold pieces
 43736 | Elf:2    | Bought 3 scrolls of recharging for 313 gold pieces
 43736 | Elf:2    | Bought a scroll of teleportation for 33 gold pieces
 43783 | Elf:3    | Entered Level 3 of the Elven Halls
 44317 | Elf:3    | Cast into the Abyss (a deep elf sorcerer)
 44496 | Abyss:1  | Found a deep blue altar of Sif Muna.
 44511 | Abyss:1  | Found a deep blue altar of Sif Muna.
 44676 | Elf:3    | Escaped the Abyss
 44722 | Elf:3    | Cast into the Abyss (a deep elf demonologist)
 44985 | Elf:3    | Escaped the Abyss
 45047 | Elf:3    | Cast into the Abyss (a deep elf sorcerer)
 45276 | Abyss:1  | Reached XP level 21. HP: 142/208 MP: 22/24
 45367 | Abyss:1  | Noticed an ancient lich
 45406 | Abyss:1  | Killed an ancient lich
 45742 | Elf:3    | Escaped the Abyss
 45810 | Elf:3    | Gained mutation: You have difficulty communicating with the divine. [a cacodemon]
 45814 | Elf:3    | Gained mutation: Scrolls take you a little longer to read. [a cacodemon]
 45821 | Elf:3    | Cast into the Abyss (a deep elf demonologist)
 45855 | Abyss:1  | Found a corrupted altar of Lugonu.
 45949 | Elf:3    | Escaped the Abyss
 45978 | Elf:3    | Identified a +4 rod of destruction (14/14) (You took it off a deep elf death mage on level 3 of the Elven Halls)
 46255 | Elf:3    | Identified the Handbook of Cloudy Malediction (You found it on level 3 of the Elven Halls)
 46259 | Elf:3    | Identified the Compendium of Twisted Summoning (You found it on level 3 of the Elven Halls)
 46266 | Elf:3    | Learned a level 2 spell: Blink
 46310 | Elf:3    | Got a steaming lead ring
 46347 | Elf:3    | Identified the ring "Play" {Contam rPois rN+ Str+3 Dex+3} (You took it off a deep elf conjurer on level 3 of the Elven Halls)
 47315 | Vaults:1 | Entered Level 1 of the Vaults
 47744 | Vaults:1 | Got a heavily runed granite ring
 47747 | Vaults:1 | Identified the ring of Boto Mei {rF+ MR+ Str+9 Int-5 Dex-2} (You found it on level 1 of the Vaults)
 48005 | Vaults:1 | Reached skill level 1 in Armour
 48211 | Vaults:1 | Reached XP level 22. HP: 193/219 MP: 23/24
 49743 | Vaults:3 | Found Schapolat's Assorted Antiques.
 49757 | Vaults:3 | Bought a scroll of teleportation for 93 gold pieces
 49757 | Vaults:3 | Bought 2 potions of agility for 248 gold pieces
 49757 | Vaults:3 | Bought 2 potions of agility for 248 gold pieces
 50119 | Vaults:3 | Found a staircase to the Crypt.
 50119 | Vaults:3 | Found an ancient bone altar of Kikubaaqudgha.
 50120 | Vaults:3 | Found a basalt altar of Yredelemnul.
 50502 | Vaults:3 | Reached skill level 19 in Unarmed Combat
 51065 | Vaults:4 | Reached skill level 1 in Translocations
 51189 | Vaults:4 | Noticed Frederick
 51219 | Vaults:4 | Killed Frederick
 51219 | Vaults:4 | Reached skill level 1 in Spellcasting
 51612 | Vaults:4 | Noticed Agnes
 51616 | Vaults:4 | Killed Agnes
 51616 | Vaults:4 | Reached XP level 23. HP: 206/230 MP: 22/25
 52032 | Vaults:5 | Entered Level 5 of the Vaults
 52135 | Vaults:5 | Paralysed by a sphinx for 3 turns
 52190 | Vaults:5 | HP: 3/230 [titan/bolt of lightning (43)]
 52199 | Vaults:5 | Killed from afar by a titan

Action                   |  1- 3 |  4- 6 |  7- 9 | 10-12 | 13-15 | 16-18 | 19-21 | 22-24 || total
-------------------------+-------+-------+-------+-------+-------+-------+-------+-------++-------
Melee: Unarmed           |    50 |   142 |   431 |   753 |  1366 |  2340 |  2061 |   775 ||  7918
 Fire: Hunting sling     |       |     7 |    47 |    39 |     5 |       |       |       ||    98
       Shortbow          |       |       |    10 |       |       |       |       |       ||    10
       Blowgun           |       |       |     2 |    36 |    45 |       |       |       ||    83
Throw: Throwing net      |     1 |       |     4 |     4 |       |     2 |     1 |       ||    12
       Stone             |       |    15 |     8 |     1 |       |       |       |       ||    24
       Javelin           |       |       |       |    32 |    41 |    36 |     5 |       ||   114
Invok: Upheaval          |       |       |       |    18 |    19 |    43 |     9 |     1 ||    90
       Disaster Area     |       |       |       |       |     1 |     2 |       |     2 ||     5
       Elemental Force   |       |       |       |       |     1 |     1 |       |       ||     2
 Abil: Evoke Flight      |       |       |       |       |       |    17 |       |       ||    17
       Evoke Teleportati |       |       |       |       |       |       |     3 |       ||     3
       Evoke Teleport Co |       |       |       |       |       |       |     1 |       ||     1
Evoke: Wand              |       |       |       |     9 |    31 |    44 |     6 |     9 ||    99
       Lamp of fire      |       |       |       |       |       |       |     3 |     4 ||     7
       Rod               |       |       |       |       |       |       |     5 |    23 ||    28
       Disc of storms    |       |       |       |       |       |       |       |     4 ||     4
       Stone of tremors  |       |       |       |       |       |       |       |     3 ||     3
  Use: Potion            |       |       |     1 |     3 |    26 |    14 |     4 |     6 ||    54
       Scroll            |       |       |    15 |    20 |    16 |    13 |    19 |     9 ||    92
 Stab: Invisible         |       |       |       |       |       |     2 |       |     3 ||     5
       Paralysed         |       |       |       |       |       |     2 |       |       ||     2
       Held in net/web   |       |       |       |       |       |       |     2 |       ||     2
       Distracted        |       |       |       |       |       |       |     1 |       ||     1
  Eat: Chunk             |    12 |    18 |    42 |    60 |    84 |   136 |    90 |    40 ||   482
       Beef jerky        |       |       |       |       |     1 |     2 |       |       ||     3
       Pizza             |       |       |       |       |     7 |     1 |       |       ||     8
       Royal jelly       |       |       |       |       |     2 |       |       |       ||     2
       Fruit             |       |       |       |       |     1 |       |       |       ||     1
